 Dungeon Sprint DCSS version 0.28.0-49-g6dfe1f597d (webtiles) character file.

Game seed: 17687933845606552638

6000000 Zeld the Intangible (level 24, -2/208 HPs)
             Began as a Djinni Monk on May 18, 2022.
             Was the Champion of Makhleb.
             Slain by The Servant
             ... wielding a +9 glaive of flaming
              (3 damage)
             ... in the Dungeon (Sprint VIII: "Arena of Blood").
             The game lasted 00:01:15 (60 turns).

Zeld the Intangible (Djinni Monk)                     Turns: 60, Time: 00:01:16

Health: -2/208     AC:  3    Str: 18    XL:     24   Next: 62%
Gold:   0          EV: 30    Int: 14    God:    Makhleb [******] SH:  0 Dex: 18

rFire   + + .      SeeInvis .   g - +∞ Axe of Woe
rCold   x . .      Faith    .   (shield currently unavailable)
rNeg    . . .      Spirit   .   a - +0 robe
rPois   ∞          Reflect  .   (no helmet)
rElec   .          Harm     .   (no cloak)
rCorr   .          Rampage  .   (no gloves)
Will    ++...      NoTele   +   (boots unavailable)
Stlth   ++++++++++              (no amulet)
HPRegen 0.44/turn               (no ring)
MPRegen 0.00/turn               (no ring)

@: flying, slowed, very slow
A: sickness immunity, fire resistance 2, cold vulnerability 1, float, innate
caster, HP casting, extra vitality 1
a: Renounce Religion, Minor Destruction, Lesser Servant of Makhleb, Major
Destruction, Greater Servant of Makhleb


You were in the Dungeon.
You worshipped Makhleb.
Makhleb was exalted by your worship.
You visited 1 branch

Inventory:

Hand Weapons
 g - the +∞ Axe of Woe (weapon)
   (You found it in the Dungeon)
Armour
 a - a +0 robe (worn)
Scrolls
 f - a scroll of blinking
Potions
 b - a potion of curing
 c - a potion of heal wounds
 d - a potion of haste
 e - a potion of berserk rage


   Skills:
 O Level 27 Fighting
 + Level 15.2(17.8) Short Blades
 + Level 15.2(17.8) Long Blades
 O Level 27 Axes
 + Level 14.1(23.3) Maces & Flails
 + Level 14.1(23.3) Polearms
 + Level 14.4(19.4) Staves
 + Level 13.3(15.5) Slings
 + Level 13.3 Bows
 + Level 13.3 Crossbows
 + Level 13.3(15.5) Throwing
 + Level 15.6 Armour
 O Level 27 Dodging
 O Level 27 Stealth
 + Level 15.6 Shields
 O Level 27 Unarmed Combat
 O Level 27 Spellcasting
 O Level 27 Invocations
 + Level 15.6 Evocations


You had 23 spell levels left.
You knew the following spells:

 Your Spells              Type           Power      Damage    Failure   Level
a - Shock                 Conj/Air       100%       1d9       0%          1
b - Static Discharge      Conj/Air       76%        N/A       0%          2
c - Ozocubu's Armour      Ice            76%        N/A       0%          3
d - Animate Dead          Necr           38%        N/A       0%          4
e - Summon Lightning Spi  Summ/Air       76%        N/A       0%          4
f - Agony                 Necr           76%        N/A       0%          5
g - Dispersal             Tloc           38%        N/A       0%          6
h - Statue Form           Tmut/Erth      50%        N/A       0%          6
i - Orb of Destruction    Conj           38%        9d11      1%          7
j - Summon Horrible Thin  Summ           38%        N/A       1%          8
k - Borgnjor's Revivific  Necr           38%        N/A       1%          8
Your spell library was empty.

Dungeon Overview and Level Annotations

Branches:
Dungeon (1/1)

Altars:
Makhleb

Annotations:
D The Servant


Innate Abilities, Weirdness & Mutations

You are immune to sickness and miasma.
You are immune to poison.
Your flesh is very heat resistant. (rF++)
You are vulnerable to cold. (rC-)
You float through the air rather than walking.
You learn spells naturally, not from books.
Your magical power is your life essence.
You have superior vitality. (+4 MHP)


Message History

You feel better.
You hit the bag of meat.
You pulverise the bag of meat into a thin bloody mist.
You kill the bag of meat!
Makhleb accepts your kill.
You feel better.
You hear a shout! x8
A meat berserker comes into view. It is wielding a +9 battleaxe.
The Servant hits you from afar with a +9 glaive of flaming!!!
* * * LOW HITPOINT WARNING * * *
The Servant burns you.
* * * LOW HITPOINT WARNING * * *
You hear a shout!
A bag of meat comes into view. It is wielding a +9 war axe.
You hear a shout!
The dread calls on the powers of darkness!
The bag of meat convulses!
The Servant convulses!
Your body is wracked with pain!
* * * LOW HITPOINT WARNING * * *
The meat berserker convulses!
You hear a shout!
Your base Short Blades skill increases to level 15!
Your base Long Blades skill increases to level 15!
Your base Maces & Flails skill increases to level 14!
Your base Polearms skill increases to level 14!
Your base Slings skill increases to level 13!
Your Bows skill increases to level 13!
Your Crossbows skill increases to level 13!
Your base Throwing skill increases to level 13!
Unknown command.
The bag of meat shouts!
You slash the bag of meat!
You butcher the bag of meat messily.
You kill the bag of meat!
Makhleb accepts your kill.
You hear a shout!
A meat berserker comes into view. It is wielding a +9 battleaxe.
You hear a shout! x7
The Servant hits you from afar with a +9 glaive of flaming!!
* * * LOW HITPOINT WARNING * * *
The Servant burns you.
You die...

.... .... ... ...
#.. ..# . #.. ..#
. ..###.. ..###..
.......###.......
.......O_).......
....#.))).#.... .
#_)@)_# . #)))))#
O..W.O.@_......
..O....###......
..###.. ..###.. .
#.. ..# . #o. ..#
... ... ....


You could see The Servant, a dread, 3 meat berserkers and a bag of meat.

Vanquished Creatures
  A royal mummy (D)
  6 vampire knights (D)
  17 ogres (D)
  2 two-headed ogres (D)
  A hydra (D)
  19 orcs (D)
  5 skeletal warriors (D)
51 creatures vanquished.

Notes
Turn   | Place    | Note
-------+----------+-------------------------------------------
     0 | D        | Found the +∞ Axe of Woe
     0 | D        | Zeld the Djinni Monk began the quest for the Orb.
     0 | D        | Reached XP level 1. HP: 20/20 MP: 0/0
     2 | D        | Noticed a meat berserker
     4 | D        | Became a worshipper of Makhleb the Destroyer
     4 | D        | Reached * piety under Makhleb
     4 | D        | Reached ** piety under Makhleb
     6 | D        | Noticed a bag of meat
     6 | D        | Noticed a bag of meat
     6 | D        | Noticed a bag of meat
     6 | D        | Noticed a bag of meat
     6 | D        | Noticed a meat berserker
     6 | D        | Noticed a bag of meat
     7 | D        | Killed a meat berserker
     7 | D        | Noticed a bag of meat
     8 | D        | Reached skill level 15 in Dodging
     8 | D        | Reached skill level 5 in Stealth
     8 | D        | Reached XP level 2. HP: 41/41 MP: 0/0
     8 | D        | Reached XP level 3. HP: 47/47 MP: 0/0
     8 | D        | Learned a level 1 spell: Shock
     8 | D        | Reached XP level 4. HP: 53/53 MP: 0/0
     8 | D        | Reached XP level 5. HP: 58/58 MP: 0/0
     8 | D        | Learned a level 2 spell: Static Discharge
     8 | D        | Reached XP level 6. HP: 65/65 MP: 0/0
     8 | D        | Reached XP level 7. HP: 70/70 MP: 0/0
     8 | D        | Learned a level 3 spell: Ozocubu's Armour
     8 | D        | Reached XP level 8. HP: 76/76 MP: 0/0
     8 | D        | Reached XP level 9. HP: 82/82 MP: 0/0
     8 | D        | Learned a level 4 spell: Animate Dead
     8 | D        | Reached XP level 10. HP: 88/88 MP: 0/0
     8 | D        | Reached XP level 11. HP: 94/94 MP: 0/0
     8 | D        | Learned a level 4 spell: Summon Lightning Spire
     8 | D        | Reached XP level 12. HP: 100/100 MP: 0/0
     8 | D        | Killed a bag of meat
     9 | D        | Reached skill level 15 in Fighting
     9 | D        | Reached skill level 10 in Spellcasting
     9 | D        | Reached XP level 13. HP: 108/108 MP: 0/0
     9 | D        | Learned a level 5 spell: Agony
     9 | D        | Noticed a bag of meat
    10 | D        | Killed a bag of meat
    10 | D        | Killed a bag of meat
    10 | D        | Reached *** piety under Makhleb
    10 | D        | Noticed a meat berserker
    10 | D        | Noticed a meat berserker
    11 | D        | Reached skill level 5 in Axes
    11 | D        | Reached skill level 15 in Invocations
    11 | D        | Reached XP level 14. HP: 92/119 MP: 0/0
    11 | D        | Killed a bag of meat
    11 | D        | Killed a meat berserker
    11 | D        | Killed a bag of meat
    11 | D        | Reached **** piety under Makhleb
    11 | D        | Noticed a meat berserker
    11 | D        | Noticed a bag of meat
    11 | D        | Noticed a bag of meat
    12 | D        | Reached XP level 15. HP: 129/129 MP: 0/0
    12 | D        | Learned a level 6 spell: Dispersal
    12 | D        | Noticed a meat berserker
    13 | D        | Killed a meat berserker
    14 | D        | Reached skill level 15 in Spellcasting
    14 | D        | Reached XP level 16. HP: 100/140 MP: 0/0
    14 | D        | Killed a meat berserker
    14 | D        | Reached ***** piety under Makhleb
    14 | D        | Killed a meat berserker
    15 | D        | Reached XP level 17. HP: 111/149 MP: 0/0
    15 | D        | Learned a level 6 spell: Statue Form
    15 | D        | Killed a meat berserker
    16 | D        | Reached skill level 15 in Axes
    19 | D        | Noticed a meat berserker
    19 | D        | Noticed a meat berserker
    20 | D        | Noticed a meat berserker
    21 | D        | Reached XP level 18. HP: 160/160 MP: 0/0
    21 | D        | Noticed a large bag of meat
    21 | D        | Killed a large bag of meat
    21 | D        | Reached ****** piety under Makhleb
    21 | D        | Noticed a destroyer
    22 | D        | Reached skill level 10 in Stealth
    22 | D        | Noticed a meat berserker
    23 | D        | Reached skill level 27 in Dodging
    23 | D        | Killed a meat berserker
    24 | D        | Reached XP level 19. HP: 169/169 MP: 0/0
    24 | D        | Learned a level 7 spell: Orb of Destruction
    24 | D        | Killed a meat berserker
    24 | D        | Killed a meat berserker
    24 | D        | Noticed a meat berserker
    24 | D        | Noticed a meat berserker
    25 | D        | Killed a destroyer
    26 | D        | Reached skill level 27 in Fighting
    26 | D        | Reached XP level 20. HP: 181/181 MP: 0/0
    26 | D        | Noticed a large bag of meat
    27 | D        | Reached skill level 27 in Invocations
    27 | D        | Killed a meat berserker
    27 | D        | Noticed an eight-headed meat hydra
    28 | D        | Killed a meat berserker
    28 | D        | Noticed a destroyer
    30 | D        | Killed a meat berserker
    31 | D        | Reached skill level 27 in Axes
    31 | D        | Noticed a destroyer
    34 | D        | Killed a destroyer
    34 | D        | Killed a nine-headed meat hydra
    35 | D        | Reached skill level 27 in Unarmed Combat
    35 | D        | Reached skill level 27 in Spellcasting
    35 | D        | Reached XP level 21. HP: 135/187 MP: 0/0
    35 | D        | Learned a level 8 spell: Summon Horrible Things
    35 | D        | Killed a large bag of meat
    35 | D        | Noticed a meat berserker
    36 | D        | Noticed a destroyer
    38 | D        | Killed a meat berserker
    39 | D        | Noticed a destroyer
    40 | D        | Killed a destroyer
    41 | D        | Reached skill level 27 in Stealth
    41 | D        | Reached XP level 22. HP: 71/194 MP: 0/0
    42 | D        | Killed a destroyer
    42 | D        | Noticed a destroyer
    46 | D        | Killed a destroyer
    47 | D        | Reached XP level 23. HP: 189/201 MP: 0/0
    47 | D        | Learned a level 8 spell: Borgnjor's Revivification
    48 | D        | Killed a destroyer
    49 | D        | Reached skill level 10 in Short Blades
    49 | D        | Reached skill level 10 in Long Blades
    49 | D        | Reached skill level 10 in Staves
    52 | D        | Noticed The Servant
    53 | D        | Reached skill level 10 in Maces & Flails
    53 | D        | Reached skill level 10 in Polearms
    53 | D        | Noticed an accursed
    56 | D        | Reached XP level 24. HP: 126/208 MP: 0/0
    56 | D        | Noticed a dread
    57 | D        | Killed an accursed
    58 | D        | Reached skill level 15 in Armour
    58 | D        | Reached skill level 15 in Shields
    58 | D        | Reached skill level 15 in Evocations
    60 | D        | Reached skill level 15 in Short Blades
    60 | D        | Reached skill level 15 in Long Blades
    60 | D        | HP: 1/208 [The Servant/+9 glaive of flaming (28)]
    60 | D        | Slain by The Servant

Illustrated notes

Levels and vault maps discovered:
D:        meatsprint

Skill      XL: |  1  2  3  4  5  6  7  8  9 10 11 12 13 14 15 16 17 18 19 20 21 22 23 24 |
---------------+-------------------------------------------------------------------------+-----
Fighting       | 14 15 17 19 21 22 24 25 27 | 27.0
Axes           | 2 5 9 11 14 17 20 23 27 | 27.0
Dodging        | 15 17 18 21 22 24 26 27 | 27.0
Stealth        | 5 6 7 8 9 10 11 17 27 | 27.0
Unarmed Combat | 13 14 16 17 19 20 21 22 24 27 | 27.0
Spellcasting   | 9 10 12 13 15 16 18 19 21 27 | 27.0
Invocations    | 12 13 15 17 19 20 22 24 26 27 | 27.0
Short Blades   | 9 13 15 | 15.2
Long Blades    | 9 13 15 | 15.2
Maces & Flails | 8 12 14 | 14.1
Polearms       | 8 12 14 | 14.1
Staves         | 9 12 14 | 14.4
Slings         | 8 11 13 | 13.3
Bows           | 8 11 13 | 13.3
Crossbows      | 8 11 13 | 13.3
Throwing       | 8 11 13 | 13.3
Armour         | 9 13 15 | 15.6
Shields        | 9 13 15 | 15.6
Evocations     | 9 13 15 | 15.6

Action                   |  1- 3 |  4- 6 |  7- 9 | 10-12 | 13-15 | 16-18 | 19-21 | 22-24 || total
-------------------------+-------+-------+-------+-------+-------+-------+-------+-------++-------
Melee: Executioner's axe |     1 |       |       |     1 |     4 |     7 |    12 |    10 ||    35
 Cast: Animate Dead      |       |       |       |       |     1 |       |       |       ||     1
       Dispersal         |       |       |       |       |       |     1 |       |       ||     1
       Orb of Destructio |       |       |       |       |       |       |     1 |       ||     1
 Stab: Distracted        |       |       |       |       |       |     1 |       |       ||     1
Dodge: Dodged            |       |       |       |       |       |       |     1 |     3 ||     4
